 Dungeon Crawl Stone Soup version 0.26-a0-154-g3d63440f56 (webtiles) character file.

Game seed: 12613046598059205027

304 MrRokkomies the Bolt Thrower (level 6, -2/39 HPs)
             Began as a Kobold Hunter on July 1, 2020.
             Slain by Grinder (6 damage)
             ... on level 3 of the Dungeon.
             The game lasted 00:07:38 (3107 turns).

MrRokkomies the Bolt Thrower (Kobold Hunter)        Turns: 3107, Time: 00:07:39

Health: -2/39      AC:  7    Str: 11    XL:     6   Next: 66%
Magic:  6/6        EV: 12    Int: 13    God:
Gold:   138        SH:  0    Dex: 15    Spells: 5/5 levels left

rFire    . . .     SeeInvis .   a - +2 hand crossbow
rCold    . . .     Faith    .   (shield restricted)
rNeg     . . .     Spirit   .   l - +1 scale mail
rPois    .         Reflect  .   (no helmet)
rElec    .         Harm     .   (no cloak)
rCorr    .                      (no gloves)
MR       .....                  (no boots)
Stlth    +.........             (no amulet)
HPRegen  0.13/turn              (no ring)
MPRegen  0.10/turn              (no ring)

@: no status effects
A: small, carnivore
a: no special abilities


You were on level 3 of the Dungeon.
You were completely stuffed.

You visited 1 branch of the dungeon, and saw 3 of its levels.
You also visited: Sewer.

You collected 138 gold pieces.

Inventory:

Hand Weapons
 a - a +2 hand crossbow (weapon)
 b - a +0 short sword
Missiles
 d - 22 bolts (quivered)
 p - 11 poisoned darts
Armour
 c - a +0 leather armour
 l - a +1 scale mail (worn)
Scrolls
 g - a scroll of amnesia
 m - a scroll of enchant weapon
 n - a scroll of magic mapping {unknown}
 o - a scroll of teleportation
Potions
 e - a potion of heal wounds {unknown}
 h - 3 potions of flight
 i - a potion of stabbing
 j - 4 potions of curing {unknown}
 q - a potion of degeneration {unknown}
Comestibles
 f - 6 rations
 k - 5 chunks of flesh


   Skills:
 * Level 4.4 Fighting
 * Level 6.5 Crossbows
 + Level 3.8 Dodging
 + Level 3.7 Stealth


You had 5 spell levels left.
You didn't know any spells.
Your spell library was empty.

Dungeon Overview and Level Annotations

Branches:
Dungeon (3/15)              Sewer (visited)

Altars:
Ashenzari

Annotations:
D:3 Grinder


Innate Abilities, Weirdness & Mutations

You are small and have problems with some larger weapons.
You are carnivorous and can eat meat at any time.


Message History

Unknown command.
Firing (i - inventory. (/) - cycle)
d - 25 bolts (quivered)
Press: ? - help, Shift-Dir - straight line, f/p - Grinder
Aim: Grinder, carrying a wand of digging (2) (heavily wounded)
You shoot a bolt.
The bolt hits Grinder but does no damage.
Grinder is heavily wounded.
Firing (i - inventory. (/) - cycle)
d - 24 bolts (quivered)
Press: ? - help, Shift-Dir - straight line, f/p - Grinder
Aim: Grinder, carrying a wand of digging (2) (heavily wounded)
You shoot a bolt. The bolt hits Grinder.
Grinder is severely wounded.
Grinder hits you.
You writhe in agony.
Firing (i - inventory. (/) - cycle)
d - 23 bolts (quivered)
Press: ? - help, Shift-Dir - straight line, f/p - Grinder
Aim: Grinder, carrying a wand of digging (2) (severely wounded)
You shoot a bolt. The bolt closely misses Grinder.
Grinder hits you!
* * * LOW HITPOINT WARNING * * *
You writhe in agony.
You die...

#..........
#.###.#####
####
######.###.#
...
#..รท.......#
#.##.####.#####
#.........#
#..#.######
#..#.# #.@#.#
#5)#.# .(..#.#
#(##.#.# ### #(
#.#.# ... # #.#
### ... ..#


You could see Grinder.

Vanquished Creatures
  A big kobold (Sewer)
  An orc wizard (D:3)
  5 adders
  4 gnolls (D:2)
  2 river rats
  An ooze (D:1)
  A worm (D:3)
  3 dart slugs
  3 leopard geckos
  6 orcs (D:3)
  3 ball pythons (D:3)
  2 giant cockroaches
  6 goblins
  4 hobgoblins
  10 jackals
  16 kobolds
  2 quokkas (D:2)
  5 bats
  4 frilled lizards
  9 rats
88 creatures vanquished.

Notes
Turn   | Place    | Note
-------+----------+-------------------------------------------
     0 | D:1      | MrRokkomies the Kobold Hunter began the quest for the Orb.
     0 | D:1      | Reached XP level 1. HP: 12/12 MP: 1/1
    86 | D:1      | Reached skill level 5 in Crossbows
   101 | D:1      | Reached XP level 2. HP: 18/18 MP: 2/2
   469 | D:1      | Reached XP level 3. HP: 21/22 MP: 3/3
  1109 | D:2      | Reached XP level 4. HP: 14/28 MP: 4/4
  1959 | D:2      | Reached XP level 5. HP: 11/32 MP: 5/5
  2507 | D:3      | Reached skill level 6 in Crossbows
  2531 | D:3      | Found a glowing drain.
  2579 | Sewer    | Entered a sewer
  2725 | Sewer    | Noticed a big kobold
  2726 | Sewer    | Reached XP level 6. HP: 38/38 MP: 6/6
  2772 | Sewer    | Found a white marble altar of Elyvilon.
  2836 | D:3      | Found a shattered altar of Ashenzari.
  2938 | D:3      | Noticed Grinder
  3107 | D:3      | Slain by Grinder

Illustrated notes

Levels and vault maps discovered:
D:1:      giann_wishing_wells, layout_loops_ring
D:2:      layout_basic
D:3:      layout_loops_ring, first_ration, portal_sewer_entry_c,
          cheibrodos_ashenzari_chains, uniq_grinder

Skill      XL: |  1  2  3  4  5 |
---------------+----------------+-----
Crossbows      | 5 6 |  6.5
Stealth        | 2 3 |  3.7
Fighting       | 3 4 |  4.4
Dodging        | 3 |  3.8

Action                   |  1- 3 |  4- 6 || total
-------------------------+-------+-------++-------
Melee: Short sword       |    46 |    82 ||   128
 Fire: Hand crossbow     |    37 |   128 ||   165
  Use: Scroll            |       |    10 ||    10
 Stab: Sleeping          |     1 |       ||     1
  Eat: Chunk             |     9 |     6 ||    15
Armor: Leather armour    |     6 |     3 ||     9
       Scale mail        |       |    48 ||    48
Dodge: Dodged            |    35 |    86 ||   121

Table legend:
 A = Non-vault XP
 B = Vault XP
 C = Vault XP percentage of total XP
 D = Non-vault monster count
 E = Vault monster count
 F = Vault count percentage of total count
                 A         B        C        D         E       F
            +---------+---------+-------+---------+---------+-------
      Total |     292 |     143 |  32.9 |      71 |      17 |  19.3
            +---------+---------+-------+---------+---------+-------
        D:1 |      43 |       0 |   0.0 |      22 |       0 |   0.0
        D:2 |     116 |       0 |   0.0 |      24 |       0 |   0.0
        D:3 |     133 |      20 |  13.1 |      25 |       6 |  19.4
      Sewer |       0 |     123 | 100.0 |       0 |      11 | 100.0
            +---------+---------+-------+---------+---------+-------
